 Dungeon Crawl Stone Soup version 0.24.0-13-gcf9b319 (webtiles) character file.

Game seed: 16167756549865587134, levelgen mode: deterministic

3395 Fang the Fighter (level 10, 0/64 HPs)
             Began as a Gargoyle Berserker on Dec 9, 2019.
             Was an Elder of Trog.
             Slain by a yak (8 damage)
             ... on level 8 of the Dungeon.
             The game lasted 00:06:46 (6754 turns).

Fang the Fighter (Gargoyle Berserker)               Turns: 6754, Time: 00:06:47

Health: 0/64       AC: 20    Str: 23    XL:     10   Next: 4%
Magic:  10/10      EV: 10    Int:  9    God:    Trog [****..]
Gold:   411        SH:  0    Dex:  9    Spells: 9/9 levels left

rFire    . . .     SeeInvis .   a - +0 broad axe
rCold    . . .     Gourm    .   (no shield)
rNeg     + . .     Faith    .   b - +0 chain mail
rPois    ∞         Spirit   .   (no helmet)
rElec    +         Reflect  .   t - +1 cloak
rCorr    .         Harm     .   (no gloves)
MR       +++..                  (no boots)
Stlth    ..........             F - amulet of regeneration
HPRegen  1.60/turn              d - ring of protection from magic
MPRegen  0.12/turn              C - ring of flight

@: regenerating
A: negative energy resistance 1, electricity resistance, unbreathing,
petrification resistance, rot immunity, AC +7
a: Berserk, Trog's Hand, Brothers in Arms, Renounce Religion, Evoke Flight


You were on level 8 of the Dungeon.
You worshipped Trog.
Trog was greatly pleased with you.
You were hungry.

You visited 2 branches of the dungeon, and saw 9 of its levels.

You collected 411 gold pieces.

Inventory:

Hand Weapons
 a - a +0 broad axe (weapon)
Armour
 b - a +0 chain mail (worn)
 t - a +1 cloak (worn)
Jewellery
 d - a ring of protection from magic (left hand)
 y - a +2 ring of intelligence
 C - a ring of flight (right hand)
 F - an amulet of regeneration (around neck)
 H - the amulet of Jijoir {Inacc rF+, unknown}
   (You found it on level 8 of the Dungeon)

   [amulet of inaccuracy]

   It reduces the accuracy of all your attacks.
   It protects you from fire.
 I - the ring "Caumek" {+Fly Str+2 Dex+3}
   (You took it off a big kobold on level 8 of the Dungeon)

   [ring of flight]

   It affects your strength (+2).
   It affects your dexterity (+3).
   It lets you fly.
Wands
 q - a wand of enslavement (7)
 D - a wand of polymorph (8)
Scrolls
 e - 6 scrolls of magic mapping {unknown}
 f - 4 scrolls of noise {unknown}
 g - a scroll of enchant weapon {unknown}
 i - 8 scrolls of identify {unknown}
 j - 3 scrolls of amnesia {unknown}
 l - 5 scrolls of remove curse {unknown}
 o - 2 scrolls of teleportation {unknown}
 s - a scroll of blinking {unknown}
 x - 3 scrolls of enchant armour {unknown}
 z - a scroll of fear {unknown}
 B - a scroll of summoning {unknown}
Potions
 h - a potion of magic {unknown}
 k - 3 potions of flight {unknown}
 m - 3 potions of heal wounds {unknown}
 n - 3 potions of invisibility {unknown}
 p - 3 potions of haste
 r - 2 potions of cancellation {unknown}
 u - 2 potions of ambrosia {unknown}
 v - a potion of mutation {unknown}
 w - a potion of lignification {unknown}
 A - 2 potions of degeneration {unknown}
 E - a potion of resistance {unknown}
Comestibles
 c - 19 rations
 G - 9 chunks of flesh


   Skills:
 + Level 8.3 Fighting
 + Level 6.9 Axes
 + Level 7.9 Armour
 + Level 6.0 Dodging


You had 9 spell levels left.
You didn't know any spells.
Your spell library was empty.

Dungeon Overview and Level Annotations

Branches:
Dungeon (8/15)             Temple (1/1) D:7
   Lair: D:8-11

Altars:
Cheibriados
Hepliaklqana
Kikubaaqudgha
Makhleb
Nemelex Xobeh
Okawaru
Qazlal
Uskayaw
Vehumet
Wu Jian
Xom

Shops:
D:4 =   D:5 !

Annotations:
D:7 1 runed translucent door, beanscad's ghost, journeyman KoAM


Innate Abilities, Weirdness & Mutations

You are resistant to torment.
Your stone body is resilient. (AC +7)
You are immune to poison.
You resist negative energy. (rN+)
You are resistant to electric shocks. (rElec)
You can survive without breathing.
You are immune to petrification.
You are immune to rotting.


Message History

* * * LOW HITPOINT WARNING * * *
The yak closely misses you. Something hits you but does no damage.
The yak gores you.
* * * LOW HITPOINT WARNING * * *
You closely miss something. You hit the yak.
Something hits you but does no damage. x2; The yak closely misses you.
Something hits you but does no damage.
Okay, then.
Eat one of 10 chunks of flesh? (ye/n/q)
Okay, then.
Eat one of 10 chunks of flesh? (ye/n/q)
You eat one of the 10 chunks of flesh.
This raw flesh tastes terrible.
Something hits you but does no damage. Something hits you.
* * * LOW HITPOINT WARNING * * *
The yak gores you but does no damage.
Your skin crawls.
You feel resistant to hostile enchantments.
You are feeling hungry.
Something hits you but does no damage. The yak gores you!
You die...

....#
##......###
.....#
##.######..#
####..###.##
#.#..# ##.##
###.###).#
#.######.#.#
..# ###
#.#†#)## ..#
#.#.#.# ..
#####.# .
#@# #Y## #9#
##


You could see a yak and a gargoyle.

Vanquished Creatures
  Pikel (D:7)
  Grinder (D:4)
  A wyvern (D:8)
  2 yaks (D:8)
  Menkaure (D:4)
  An orc warrior (D:8)
  A sky beast (D:5)
  A black bear (D:7)
  2 phantoms
  2 centaurs
  A big kobold (D:8)
  3 bullfrogs
  A wyvern skeleton (D:8)
  2 scorpions
  A howler monkey (D:5)
  A crimson imp (D:8)
  A centaur zombie (D:5)
  2 hounds
  3 jellies
  4 orc priests
  6 orc wizards
  Terence (D:2)
  5 worker ants
  7 iguanas
  7 gnolls
  9 adders
  A shadow imp (D:5)
  An ooze (D:2)
  An adder zombie (D:5)
  A worm (D:3)
  An adder skeleton (D:6)
  2 dart slugs (D:4)
  8 leopard geckos
  18 orcs
  2 ball pythons
  5 giant cockroaches
  8 goblins
  3 hobgoblins
  9 jackals
  8 kobolds
  2 quokkas
  10 bats
  9 frilled lizards
  A leopard gecko skeleton (D:5)
  A leopard gecko zombie (D:8)
  2 quokka skeletons
  2 rats
162 creatures vanquished.

Notes
Turn   | Place    | Note
-------+----------+-------------------------------------------
     0 | D:1      | Fang the Gargoyle Berserker began the quest for the Orb.
     0 | D:1      | Reached XP level 1. HP: 14/14 MP: 1/1
   121 | D:1      | Reached XP level 2. HP: 14/19 MP: 2/2
   939 | D:2      | Reached XP level 3. HP: 23/23 MP: 3/3
  1014 | D:2      | Noticed Terence
  1017 | D:2      | Reached ** piety under Trog
  1031 | D:2      | Killed Terence
  1031 | D:2      | Reached skill level 4 in Fighting
  1031 | D:2      | Reached XP level 4. HP: 18/29 MP: 4/4
  1357 | D:2      | Found a burning altar of Makhleb.
  1357 | D:2      | Found a radiant altar of Vehumet.
  1945 | D:3      | Reached XP level 5. HP: 32/33 MP: 5/5
  2589 | D:4      | Found Bituj's Jewellery Shop.
  2622 | D:4      | Reached XP level 6. HP: 39/39 MP: 6/6
  2805 | D:4      | Reached *** piety under Trog
  2825 | D:4      | Reached skill level 5 in Fighting
  3172 | D:4      | Noticed Grinder
  3184 | D:4      | Paralysed by Grinder for 3 turns
  3189 | D:4      | Killed Grinder
  3189 | D:4      | Reached XP level 7. HP: 44/44 MP: 7/7
  3231 | D:4      | Found a shimmering altar of Xom.
  3231 | D:4      | Found a hide-covered altar of Uskayaw.
  3232 | D:4      | Found an ancient bone altar of Kikubaaqudgha.
  3247 | D:4      | Found a snail-covered altar of Cheibriados.
  3389 | D:4      | Noticed Menkaure
  3400 | D:4      | Killed Menkaure
  3545 | D:4      | Found a stormy altar of Qazlal.
  3545 | D:4      | Noticed a water elemental
  3547 | D:4      | Noticed a fire elemental
  3547 | D:4      | Noticed an air elemental
  3638 | D:4      | Reached skill level 5 in Armour
  3860 | D:5      | Entered Level 5 of the Dungeon
  3957 | D:5      | Reached XP level 8. HP: 36/51 MP: 8/8
  4000 | D:5      | Reached skill level 6 in Fighting
  4000 | D:5      | Reached skill level 5 in Axes
  4483 | D:5      | Found Nigheqe's Distillery.
  4512 | D:5      | Found an iron altar of Okawaru.
  5144 | D:6      | Reached **** piety under Trog
  5264 | D:6      | Found a hazy altar of Hepliaklqana.
  5264 | D:6      | Found an ornate altar of the Wu Jian Council.
  5488 | D:6      | Found a sparkling altar of Nemelex Xobeh.
  5581 | D:7      | Reached XP level 9. HP: 45/56 MP: 9/9
  5589 | D:7      | Reached skill level 7 in Fighting
  5776 | D:7      | Reached skill level 5 in Dodging
  5800 | D:7      | Found a runed translucent door.
  5817 | D:7      | Noticed beanscad's ghost (journeyman KoAM)
  5930 | D:7      | Noticed Pikel
  5941 | D:7      | Killed Pikel
  6187 | D:7      | Found a staircase to the Ecumenical Temple.
  6433 | Temple   | Entered the Ecumenical Temple
  6670 | D:8      | Identified the ring "Caumek" {+Fly Str+2 Dex+3}
  6671 | D:8      | Got a crude lead amulet
  6675 | D:8      | Identified the cursed ring "Koff" {Str+4 Dex-3 Slay+2}
  6680 | D:8      | Reached skill level 8 in Fighting
  6741 | D:8      | Reached XP level 10. HP: 44/64 MP: 10/10
  6747 | D:8      | Noticed a gargoyle
  6754 | D:8      | Slain by a yak

Levels and vault maps discovered:
D:1:      erik_arrival_cave_to_civilisation [erik_arrival_cave_to_hall],
          layout_loops_ring, corexii_leaking_fountain, palyth_stone_intersect
D:2:      layout_loops_ring, amethyst_overflow_temple_binary, uniq_terence
D:3:      layout_basic, first_ration
D:4:      layout_loops_ring, nicolae_overflow_quartered_altars, serial_shops,
          shop, nicolae_qazlal_style_of_elements, uniq_grinder, uniq_menkaure
D:5:      kennysheep_six_static_rooms, layout_rooms, kennysheep_mini_moat,
          serial_shops, nicolae_shop_crystal, minmay_increasing_density
D:6:      lemuel_ice_spiral_2, layout_rooms, lemuel_coloured_pillars_altar,
          gammafunk_temple_overflow_wave
D:7:      wander_river, layout_loops_ring, temple_hall,
          hellmonk_ghost_happy_afterlife, uniq_pikel
D:8:      minmay_the_grid_triangle_9x9_recursive_2
          [minmay_the_grid_triangle_9x9_prize_special,
          minmay_the_grid_triangle_9x9_descending_squares,
          minmay_the_grid_triangle_9x9_minimal,
          minmay_the_grid_triangle_9x9_sprig], layout_basic
Temple:   minmay_temple_bridge_abc

Skill      XL: |  1  2  3  4  5  6  7  8  9 10 |
---------------+-------------------------------+-----
Axes           | 3 4 5 6 |  6.9
Dodging        | 2 3 4 5 6 |  6.0
Fighting       | 4 5 6 8 |  8.3
Armour         | 3 4 5 6 7 |  7.9

Action                   |  1- 3 |  4- 6 |  7- 9 | 10-12 || total
-------------------------+-------+-------+-------+-------++-------
Melee: Hand axe          |   108 |   211 |   232 |       ||   551
       Broad axe         |       |       |   227 |    10 ||   237
Invok: Berserk           |     1 |     3 |     5 |       ||     9
       Trog's Hand       |     1 |       |     1 |     2 ||     4
 Stab: Sleeping          |     1 |       |       |       ||     1
  Eat: Chunk             |       |    11 |    18 |     1 ||    30
Armor: Animal skin       |    55 |    11 |       |       ||    66
       Chain mail        |       |   104 |   363 |    25 ||   492
       Skin              |       |     1 |       |       ||     1
Dodge: Dodged            |    93 |   109 |   252 |     6 ||   460
